 Dungeon Crawl Stone Soup version 0.21-a0-401-g0b6bec4 (webtiles) character file.

74 Kavrick the Skirmisher (level 4, -1/35 HPs)
             Began as a Demonspawn Fighter on Oct 21, 2017.
             Slain by Terence
             ... wielding a +4 flail of holy wrath
              (9 damage)
             ... on level 2 of the Dungeon.
             The game lasted 00:01:27 (981 turns).

Kavrick the Skirmisher (Demonspawn Fighter)          Turns: 981, Time: 00:01:28

Health: -1/35      AC:  6    Str: 17    XL:     4   Next: 9%
Magic:  4/4        EV:  7    Int:  9    God:
Gold:   27         SH:  9    Dex: 13    Spells: 3/3 levels left

rFire    . . .     SeeInvis .   a - +0 war axe
rCold    . . .     Gourm    .   c - +0 shield
rNeg     . . .     Faith    .   b - +0 scale mail
rPois    .         Spirit   .   (no helmet)
rElec    .         Reflect  .   (no cloak)
rCorr    .         Harm     .   (no gloves)
MR       .....                  (no boots)
Stlth    ..........             (no amulet)
HPRegen  0.11/turn              (no ring)
MPRegen  0.09/turn              (no ring)

@: no status effects
A: hooves 1, powered by death 1
a: no special abilities


You were on level 2 of the Dungeon.
You were not hungry.

You visited 1 branch of the dungeon, and saw 2 of its levels.

You collected 27 gold pieces.

Inventory:

Hand Weapons
 a - a +0 war axe (weapon)
Armour
 b - a +0 scale mail (worn)
 c - a +0 shield (worn)
Scrolls
 e - a scroll of enchant weapon {unknown}
 h - 2 scrolls of teleportation {unknown}
 i - a scroll of enchant armour {unknown}
 l - a scroll of recharging {unknown}
Potions
 d - 2 potions of might
 g - a potion of ambrosia {unknown}
Comestibles
 f - a bread ration
 j - 3 meat rations


   Skills:
 + Level 3.4 Fighting
 * Level 2.9 Axes
 + Level 3.1 Armour
 + Level 3.1 Shields


You had 3 spell levels left.
You didn't know any spells.

Dungeon Overview and Level Annotations

Branches:
Dungeon (2/15)

Altars:
Hepliaklqana
Xom

Annotations:
D:2 Jessica, Terence


Innate Abilities, Weirdness & Mutations

You have large cloven feet.
You regenerate a little health from kills.


Message History

You climb downwards.
Level annotation: Jessica, Terence You block Terence's attack.
There is a stone staircase leading up here.
There are monsters nearby!
You hit Terence but do no damage. You kick Terence, but do no damage.
Terence hits you with a flail of holy wrath.
You convulse.
You slash Terence! Your kick misses Terence.
Terence is moderately wounded.
Terence hits you with a flail of holy wrath!
You convulse!
* * * LOW HITPOINT WARNING * * *
You slash Terence!
Terence is severely wounded.
You block Terence's attack.
You closely miss Terence.
Terence is severely wounded.
Terence hits you with a flail of holy wrath!
You die...

#.##### #.# ### #.#
#.. #.# #.# #.#
#.######### ####g#
#...g@..<.# .....#
#.#######g# ###.@#
#.# #####@#########
#..# #@#
#...@.........# ##
###..####.#
#.###.####.######.##
......@.g.# #.#
#..'.##2#ยง##
###..####.# #.#
#..#.#####Z# #..#
#.# #.# ####..._#2#
###..####.# #.#
##...### ........#..
..# #_..###
###.###.### ###
###...# ...# #.#
############'#


You could see Terence and a hobgoblin.

Vanquished Creatures
  3 gnolls (D:2)
  An adder (D:2)
  A worm (D:2)
  2 dart slugs (D:1)
  A leopard gecko (D:1)
  3 bats
  3 goblins
  5 hobgoblins (D:1)
  5 kobolds (D:1)
  A ball python (D:1)
  3 frilled lizards (D:1)
  3 rats
31 creatures vanquished.

Notes
Turn   | Place    | Note
-------+----------+-------------------------------------------
     0 | D:1      | Kavrick the Demonspawn Fighter began the quest for the Orb.
     0 | D:1      | Reached XP level 1. HP: 18/18 MP: 1/1
    70 | D:1      | Gained mutation: You have large cloven feet. [demonic ancestry]
    70 | D:1      | Reached XP level 2. HP: 24/24 MP: 2/2
   409 | D:1      | Gained mutation: You regenerate a little health from kills. [demonic ancestry]
   409 | D:1      | Reached XP level 3. HP: 24/29 MP: 3/3
   512 | D:2      | Found a hazy altar of Hepliaklqana.
   513 | D:2      | Found a shimmering altar of Xom.
   513 | D:2      | Noticed a hell beast
   514 | D:2      | Noticed a hell beast
   514 | D:2      | Noticed a spectral ugly thing
   532 | D:2      | Reached XP level 4. HP: 23/35 MP: 4/4
   743 | D:2      | Noticed Jessica
   745 | D:2      | Noticed Terence
   981 | D:2      | Slain by Terence

Vault maps used:
D:1:      saegor_arrival_simple_a
D:2:      regret_index_temple_of_mockery, first_bread, grunt_ministairs_8,
          uniq_robin, uniq_terence, uniq_jessica, uniq_crazy_yiuf_cottage

Skill      XL: |  1  2  3 |
---------------+----------+-----
Axes           | 2 |  2.9
Armour         | 3 |  3.1
Shields        | 3 |  3.1
Fighting       | |  3.4

Action                   |  1- 3 |  4- 6 || total
-------------------------+-------+-------++-------
Melee: War axe           |    80 |    13 ||    93
       Kick              |    15 |     3 ||    18
Armor: Scale mail        |    35 |     3 ||    38
Dodge: Dodged            |    18 |     5 ||    23
Block: Shield            |    38 |     5 ||    43

Table legend:
 A = Spawn XP
 B = Non-spawn XP
 C = Spawn XP percentage of total XP
 D = Spawn monster count
 E = Non-spawn monster count
 F = Spawn count percentage of total count
 G = Total turns spent on level
                    A         B        C        D         E        F      G
               +---------+---------+-------+---------+---------+-------+---------
         Total |       0 |     106 |   0.0 |       0 |      31 |   0.0 |   981
               +---------+---------+-------+---------+---------+-------+---------
           D:1 |       0 |      43 |   0.0 |       0 |      23 |   0.0 |   660
           D:2 |       0 |      63 |   0.0 |       0 |       8 |   0.0 |   321
               +---------+---------+-------+---------+---------+-------+---------
